 Dungeon Crawl Stone Soup version 0.24-a0-307-gf989941 (webtiles) character file.

Game seed: 8756196498081785179

2688 Ijustatesigmund the Sneak (level 9, -1/62 HPs)
             Began as an Octopode Fighter on May 13, 2019.
             Was a Follower of Cheibriados.
             Slain by an unseen horror (10 damage)
             ... on level 7 of the Dungeon.
             The game lasted 00:15:15 (8538 turns).

Ijustatesigmund the Sneak (Octopode Fighter)        Turns: 8538, Time: 00:15:16

Health: -1/62      AC:  1    Str: 18    XL:     9   Next: 64%
Magic:  13/13      EV: 17    Int: 12    God:    Cheibriados [*.....]
Gold:   347        SH: 10    Dex: 16    Spells: 8/8 levels left

rFire    . . .     SeeInvis .   a - +1 flail
rCold    . . .     Gourm    .   b - +0 shield
rNeg     + . .     Faith    .   (helmet restricted)
rPois    .         Spirit   .   (no amulet)
rElec    .         Reflect  .   k - ring of positive energy
rCorr    .         Harm     .   (no ring)
MR       .....     Clarity  +   (no ring)
Stlth    +++++.....             (no ring)
HPRegen  0.20/turn              (no ring)
MPRegen  0.13/turn              (no ring)
                                (no ring)
                                (no ring)

@: very slow
A: almost no armour, stealthy swim, amphibious, 8 rings, constrict 8, repulsion
field 1, camouflage 1, clarity, gelatinous body 1
a: Bend Time, Renounce Religion


You were on level 7 of the Dungeon.
You worshipped Cheibriados.
Cheibriados was aware of your devotion.
You were not hungry.

You visited 2 branches of the dungeon, and saw 8 of its levels.

You collected 347 gold pieces.

Inventory:

Hand Weapons
 a - a +1 flail (weapon)
Missiles
 j - 2 boomerangs (quivered)
 n - 4 throwing nets
 p - 6 javelins
Armour
 b - a +0 shield (worn)
Jewellery
 g - an uncursed amulet of magic regeneration
 k - a ring of positive energy (left tentacle)
Scrolls
 e - a scroll of magic mapping
 f - 4 scrolls of teleportation
 h - 2 scrolls of identify
 o - 3 scrolls of remove curse
Potions
 c - 2 potions of might
 i - 3 potions of lignification
 l - a potion of heal wounds {unknown}
Comestibles
 d - 10 rations
 m - 3 chunks of flesh


   Skills:
 - Level 6.1 Fighting
 - Level 6.2 Maces & Flails
 + Level 0.0 Throwing
 - Level 5.7 Dodging
 - Level 7.2 Stealth
 - Level 5.7 Shields
 + Level 5.4 Invocations


You had 8 spell levels left.
You didn't know any spells.
Your spell library contained the following spells:

 Spells                   Type           Power        Failure   Level  Hunger
 Sandblast                Erth           #.....       73%         1    ##.....
 Passwall                 Tmut/Erth      #.......     86%         2    ###....
 Stone Arrow              Conj/Erth      #.....       97%         3    ####...
 Petrify                  Tmut/Erth      #.......     100%        4    #####..
 Lee's Rapid Deconstruct  Erth           #.........   100%        5    ######.


Dungeon Overview and Level Annotations

Branches:
Dungeon (7/15)             Temple (1/1) D:5

Altars:
Cheibriados
Dithmenos
Elyvilon
Fedhas
Gozag
Hepliaklqana
Makhleb
Nemelex Xobeh
Okawaru
Qazlal
Ru
Sif Muna
Trog
Uskayaw
Vehumet
Wu Jian
Xom
Yredelemnul
Zin
The Shining One


Innate Abilities, Weirdness & Mutations

You cannot wear most types of armour.
You are very stealthy in the water. (Stealth+)
You are amphibious.
You can wear up to eight rings at the same time.
You can use your tentacles to constrict eight enemies at once.
Your skin changes colour to match your surroundings (Stealth+).
Your rubbery body absorbs attacks. (AC +1, EV +1)
You are surrounded by a mild repulsion field. (EV +2)
You possess an exceptional clarity of mind.


Message History

m - 2 chunks of flesh;
m - 3 chunks of flesh (gained 1)
Items here: ! ( ))) [ ÷÷
n - 4 throwing nets You start resting.
Magic restored.
You start resting.
Something hits you!
Deactivating autopickup; reactivate with Ctrl-A.
Something closely misses you.
You sock something! You squeeze something! Something hits you.
Something hits you.
Items here: ! ))) [ ÷÷ Something hits you!
You barely miss something. Something completely misses you. Something hits you.
You block something's attack.
You sock something! Your squeeze misses something. Something hits you!
You swing at nothing.
Something hits you!
* * * LOW HITPOINT WARNING * * *
Something hits you!
You die...

#...... . #..... .. #....#
... ##....#######
...#...........#
..............#
#..........#
#######).........#
#....)@..........#
#....##....#######
........##....##...##
.........#..........#
.........#.[.......#######
..##....##.........##.....
. ####+##................
#................
+................


There were no monsters in sight!

Vanquished Creatures
  Harold (D:7)
  Edmund (D:5)
  A water moccasin (D:5)
  An orc warrior (D:6)
  2 sky beasts
  2 ice beasts
  An ogre (D:7)
  2 centaurs
  A scorpion (D:6)
  A jelly (D:7)
  A howler monkey (D:6)
  A centaur zombie (D:6)
  4 crimson imps
  5 orc wizards
  2 orc priests
  2 hounds
  A centaur skeleton (D:4)
  2 iguanas
  3 worker ants
  A hound zombie (D:5)
  8 gnolls
  A howler monkey zombie (D:7)
  10 adders
  2 adder zombies
  An adder skeleton (D:5)
  A worm (D:3)
  2 dart slugs
  7 leopard geckos
  23 orcs
  10 bats
  4 giant cockroaches
  6 hobgoblins
  14 jackals
  6 quokkas
  3 frilled lizards
  16 goblins
  A jackal skeleton (D:7)
  2 kobolds (D:3)
  A quokka skeleton (D:4)
  10 rats
163 creatures vanquished.

Notes
Turn   | Place    | Note
-------+----------+-------------------------------------------
     0 | D:1      | Ijustatesigmund the Octopode Fighter began the quest for
                  | the Orb.
     0 | D:1      | Reached XP level 1. HP: 16/16 MP: 1/1
   111 | D:1      | Reached XP level 2. HP: 11/21 MP: 2/2
   558 | D:1      | Reached XP level 3. HP: 26/26 MP: 3/3
  1631 | D:2      | Reached XP level 4. HP: 25/32 MP: 4/4
  2217 | D:3      | Reached XP level 5. HP: 13/37 MP: 5/5
  2218 | D:3      | Gained mutation: You are surrounded by a mild repulsion
                  | field. (EV +2) [potion of mutation]
  2218 | D:3      | Gained mutation: You possess an exceptional clarity of
                  | mind. [potion of mutation]
  2613 | D:3      | Found a white marble altar of Elyvilon.
  2845 | D:3      | Found a sparkling altar of Nemelex Xobeh.
  2957 | D:3      | Found an iron altar of Okawaru.
  3345 | D:3      | Found a bloodstained altar of Trog.
  3542 | D:3      | Reached XP level 6. HP: 43/43 MP: 6/6
  5126 | D:4      | Found a glowing silver altar of Zin.
  5230 | D:5      | Entered Level 5 of the Dungeon
  5230 | D:5      | Noticed a water moccasin
  5234 | D:5      | Killed a water moccasin
  5234 | D:5      | Reached XP level 7. HP: 49/49 MP: 7/7
  5405 | D:5      | Found a staircase to the Ecumenical Temple.
  5415 | D:5      | Found a stormy altar of Qazlal.
  5484 | D:5      | Reached skill level 5 in Maces & Flails
  5516 | D:5      | Found a deep blue altar of Sif Muna.
  5548 | D:5      | Reached skill level 5 in Fighting
  5970 | D:5      | Noticed Edmund
  5978 | D:5      | Killed Edmund
  5978 | D:5      | Reached XP level 8. HP: 56/56 MP: 8/8
  6021 | D:5      | Reached skill level 5 in Dodging
  6021 | D:5      | Reached skill level 5 in Shields
  6379 | Temple   | Entered the Ecumenical Temple
  7563 | D:6      | Found a glowing golden altar of the Shining One.
  7567 | D:6      | Found a snail-covered altar of Cheibriados.
  7575 | D:6      | Became a worshipper of Cheibriados the Contemplative
  7580 | D:6      | Found a basalt altar of Yredelemnul.
  7649 | D:6      | Reached skill level 1 in Stealth
  7649 | D:6      | Reached skill level 1 in Invocations
  7726 | D:6      | Reached skill level 2 in Stealth
  7933 | D:6      | Reached skill level 3 in Stealth
  7933 | D:6      | Reached XP level 9. HP: 62/62 MP: 10/10
  8133 | D:7      | Reached skill level 4 in Stealth
  8150 | D:7      | Found an ornate altar of the Wu Jian Council.
  8410 | D:7      | Noticed Harold
  8415 | D:7      | Reached * piety under Cheibriados
  8431 | D:7      | Killed Harold
  8431 | D:7      | Reached skill level 7 in Stealth
  8431 | D:7      | Reached skill level 5 in Invocations
  8538 | D:7      | Slain by an unseen horror

Levels and vault maps discovered:
D:1:      psy_arrival_radial02, layout_basic, minmay_rat_gold_closets
D:2:      layout_rooms
D:3:      minmay_bubble_buster, layout_basic, lemuel_round_altar, bloody_trog,
          elyvilon_altar_4, okawaru_altar_gauntlet_db
D:4:      layout_basic, zin_statuary, first_ration
D:5:      layout_cave_pods, kennysheep_mini_moat, kennysheep_mini,
          minmay_temple_entry_statues, uniq_edmund
D:6:      layout_cave_pools, minmay_overflow_temple_star_quad
D:7:      layout_gridville, kennysheep_little_box, uniq_harold
Temple:   compressed_dpeg_triangle_lava_temple

Skill      XL: |  1  2  3  4  5  6  7  8  9 |
---------------+----------------------------+-----
Maces & Flails | 3 4 5 6 |  6.2
Fighting       | 4 5 6 |  6.1
Dodging        | 4 5 |  5.7
Shields        | 4 5 |  5.7
Stealth        | 3 7 |  7.2
Invocations    | 2 5 |  5.4

Action                   |  1- 3 |  4- 6 |  7- 9 || total
-------------------------+-------+-------+-------++-------
Melee: Flail             |    72 |   124 |   202 ||   398
       Constrict         |    17 |    29 |    35 ||    81
       Tentacles         |     8 |    22 |    43 ||    73
Throw: Boomerang         |       |       |    15 ||    15
  Use: Scroll            |       |     9 |     5 ||    14
       Potion            |       |     3 |     3 ||     6
 Stab: Sleeping          |     6 |     8 |     4 ||    18
  Eat: Chunk             |     2 |     4 |     5 ||    11
       Ration            |       |     2 |     2 ||     4
Armor: Skin              |    13 |    27 |     2 ||    42
Dodge: Dodged            |    45 |    70 |   121 ||   236
Block: Shield            |    39 |    68 |    89 ||   196

Table legend:
 A = Non-vault XP
 B = Vault XP
 C = Vault XP percentage of total XP
 D = Non-vault monster count
 E = Vault monster count
 F = Vault count percentage of total count
                 A         B        C        D         E       F
            +---------+---------+-------+---------+---------+-------
      Total |    2572 |    1269 |  33.0 |     134 |      29 |  17.8
            +---------+---------+-------+---------+---------+-------
        D:1 |      59 |       4 |   6.3 |      32 |       4 |  11.1
        D:2 |      56 |       0 |   0.0 |      10 |       0 |   0.0
        D:3 |      86 |     129 |  60.0 |      15 |      23 |  60.5
        D:4 |     156 |       0 |   0.0 |      12 |       0 |   0.0
        D:5 |     679 |     166 |  19.6 |      22 |       1 |   4.3
        D:6 |    1097 |       0 |   0.0 |      29 |       0 |   0.0
        D:7 |     439 |     970 |  68.8 |      14 |       1 |   6.7
            +---------+---------+-------+---------+---------+-------
